 Dungeon Crawl Stone Soup version 0.29-a0-824-gd827844252 (webtiles) character file.

Game seed: 7959056543628437740

74 coolguy69 the Sneak (level 4, -3/21 HPs)
             Began as a Vine Stalker Enchanter on July 10, 2022.
             Slain by a hobgoblin (6 damage)
             ... led by Robin
             ... on level 2 of the Dungeon.
             The game lasted 00:02:26 (2246 turns).

coolguy69 the Sneak (Vine Stalker Enchanter)        Turns: 2246, Time: 00:02:26

Health: -3/21      AC:  5    Str: 12    XL:     4   Next: 28%
Magic:  0/8        EV: 12    Int: 15    God:
Gold:   68         SH:  0    Dex: 15    Spells: 8/8 levels left

rFire   . . .      SeeInvis .   a - +1 dagger
rCold   . . .      Faith    .   (no shield)
rNeg    . . .      Spirit   +   b - +0 robe
rPois   .          Reflect  .   (no helmet)
rElec   .          Harm     .   (no cloak)
rCorr   .          Rampage  .   (no gloves)
Will    .....                   k - +2 pair of boots
Stlth   +++.......              (no amulet)
HPRegen 0.87/turn               (no ring)
MPRegen 0.11/turn               (no ring)

@: no status effects
A: fangs 2, regeneration 1, magic shield, antimagic bite, no potion heal 2
a: no special abilities


You were on level 2 of the Dungeon.
You visited 1 branch of the dungeon, and saw 2 of its levels.

You collected 68 gold pieces.

Inventory:

Hand Weapons
 a - a +1 dagger (weapon)
Armour
 b - a +0 robe (worn)
 k - a +2 pair of boots (worn)
Scrolls
 f - 2 scrolls of teleportation
 g - a scroll of immolation {unknown}
 h - a scroll of noise {unknown}
 i - 3 scrolls of identify {unknown}
 j - a scroll of silence
Potions
 c - 2 potions of invisibility
 d - a potion of lignification {unknown}
 e - a potion of haste {unknown}
 l - a potion of mutation {unknown}


   Skills:
 + Level 0.4 Fighting
 + Level 1.4 Short Blades
 + Level 2.2 Dodging
 + Level 4.6 Stealth
 + Level 2.5 Spellcasting
 + Level 3.3 Hexes


You had 8 spell levels left.
You didn't know any spells.
Your spell library contained the following spells:

 Spells                   Type           Power      Damage    Failure   Level
 Ensorcelled Hibernation  Hex/Ice        12%        N/A       16%         2
 Confusing Touch          Hex            11%        N/A       16%         3
 Tukima's Dance           Hex            11%        N/A       16%         3
 Dazzling Flash           Conj/Hex       12%        N/A       32%         3
 Spider Form              Tmut/Pois      1%         N/A       54%         3
 Anguish                  Hex/Necr       3%         N/A       71%         4


Dungeon Overview and Level Annotations

Branches:
Dungeon (2/15)

Altars:

Annotations:
D:2 Robin


Innate Abilities, Weirdness & Mutations

You have extremely sharp teeth.
Your natural rate of healing is unusually fast.
When hurt, damage is shared between your health and your magic reserves.
Your bite disrupts and absorbs the magic of your enemies.
Potions cannot restore your health.


Message History

You kill the hobgoblin!
The goblin barely misses you.
Robin says, "My goblins will feast on your bones."
Robin roars a battlecry!
The goblin goes into a battle-frenzy!
Items here: )) ††.
The goblin attacks as you move away! The goblin closely misses you.
You hit the goblin. You bite the goblin.
You kill the goblin!
The hobgoblin hits you. Robin throws the goblin at you!
Items here: ))) †††.
You barely miss the goblin. You bite the goblin, but do no damage.
The goblin closely misses you.
The hobgoblin hits you but does no damage.
Robin closely misses you.
You closely miss the goblin. Your bite misses the goblin.
The goblin closely misses you. The hobgoblin hits you.
Robin hits you from afar with a +2 antimagic trident!
You feel your power leaking away.
You hit the goblin. You bite the goblin.
You kill the goblin!
Robin throws the goblin at you! The hobgoblin closely misses you.
You hit the goblin. Your bite misses the goblin.
The goblin is severely wounded.
The goblin closely misses you. The hobgoblin barely misses you.
You hit the goblin.
You kill the goblin!
The hobgoblin hits you.
Robin hits you from afar with a +2 antimagic trident!
* * * LOW HITPOINT WARNING * * *
Robin throws the goblin at you!
Things that are here:
a +0 club; a +0 club; a goblin corpse You hit the goblin but do no damage.
You bite the goblin.
You kill the goblin!
The hobgoblin barely misses you. Robin throws the goblin at you!
* * * LOW HITPOINT WARNING * * *
You closely miss the goblin. The goblin hits you but does no damage.
The hobgoblin hits you.
You die...

#####.##.# #......
# #.##.# ##..... #
#.# ###......
#####.##..........
.........# ....#
#####.#### ..g.#
#^# #.#g# #.#
#.#g# #.# #.#@#
#.# #.#g# #.#
##.#)# #.#
###....###### #.#
#...#.....?.. #.#
#.#....#.#### #.#
#.##.#.#.#
#.#####<#....# .
#.......#.#... ##


You could see Robin, a hobgoblin (strong) and 2 goblins.

Vanquished Creatures
  An adder (D:2)
  3 worms (D:2)
  3 dart slugs
  6 bats
  An endoplasm (D:1)
  A giant cockroach (D:1)
  13 goblins
  3 hobgoblins
  2 jackals (D:1)
  4 kobolds
  3 ball pythons
  3 frilled lizards
  3 rats (D:1)
46 creatures vanquished.

Notes
Turn   | Place    | Note
-------+----------+-------------------------------------------
     0 | D:1      | coolguy69 the Vine Stalker Enchanter began the quest for
                  | the Orb.
     0 | D:1      | Reached XP level 1. HP: 9/9 MP: 4/4
   130 | D:1      | Reached XP level 2. HP: 5/13 MP: 1/6
   590 | D:1      | Reached skill level 4 in Stealth
  1087 | D:1      | Reached XP level 3. HP: 16/16 MP: 7/7
  1155 | D:1      | Found a faded altar of an unknown god.
  1735 | D:2      | Reached skill level 1 in Short Blades
  2205 | D:2      | Gained mutation: Your natural rate of healing is unusually
                  | fast. [Vine Stalker growth]
  2205 | D:2      | Reached XP level 4. HP: 21/21 MP: 8/8
  2216 | D:2      | Noticed Robin
  2246 | D:2      | Slain by a hobgoblin

Illustrated notes

Levels and vault maps discovered:
D:1:      nicolae_arrival_somewhat_less_tricky_arrival, layout_rooms,
          hellmonk_ecumenical_altar_pennies_from_heaven, serial_curves,
          eino_curves_01, eino_curves_04, eino_curves_01, minmay_misc_feat_doors
D:2:      layout_loops_ring, wander_ebering_terrifying_dragon_lair, uniq_robin,
          uniq_jessica

Skill      XL: |  1  2  3 |
---------------+----------+-----
Stealth        | 4 |  4.6
Short Blades   | 1 |  1.4
Dodging        | 2 |  2.2
Fighting       | |  0.4
Spellcasting   | |  2.5
Hexes          | |  3.3

Action                   |  1- 3 |  4- 6 || total
-------------------------+-------+-------++-------
Melee: Dagger            |    96 |    26 ||   122
       Bite              |    21 |    11 ||    32
       Punch             |     1 |       ||     1
  Use: Scroll            |     2 |       ||     2
 Stab: Sleeping          |     6 |       ||     6
Armor: Robe              |    27 |     7 ||    34
Dodge: Dodged            |    62 |    16 ||    78

Table legend: (Time is in decaauts)
 A = Elapsed time spent in this place.
 B = Non-inter-level travel time spent in this place.
 C = Inter-level travel time spent in this place.
 D = Time resting spent in this place.
 E = Time spent auto-exploring this place.
 F = Levels seen in this place.
 G = Mean time per level.
                   A        B        C        D        E       F      G
               +--------+--------+--------+--------+--------+-----+--------+
         Total |   2242 |   2160 |     82 |    886 |   1010 |   2 | 1121.0 |
       Dungeon |   2242 |   2160 |     82 |    886 |   1010 |   2 | 1121.0 |
               +--------+--------+--------+--------+--------+-----+--------+

Top non-repeatable levels by time:
     D:1: 1724 daAuts
     D:2: 518 daAuts
